General information
- name: BNet
- type: Ladder team game (AT/RT)
- host: Battle.net
- saver: ComradeEnemy
map: Battleground
- players: 8
- length: 54:34
- speed: Fast
- version: 1.26 W3XP
- replay type: Public
» download(315 KB)
Players
team 1 (winner)

»
droptactics (
orange | 31 APM | 1455 actions | 46:55)
4 Blademaster
2 Critical Strike
2 Wind Walk
3 Dark Ranger
2 Black Arrow
1 Silence
» actions
| Basic commands | 1 | |
| Build / train | 112 | |
| Enter build submenu | 30 | |
| Enter hero's abilities submenu | 7 | |
| Right click | 722 | |
| Select / deselect | 442 | |
| Use ability | 141 | |
1455 total
» units
| Peon | 48 | |
| Wind Rider | 18 | |
| Raider | 20 | |
86 total
» upgrades
| Spiked Barricades | 2 | |
| Envenomed Spears | 1 | |
| Reinforced Defenses | 1 | |
| Ensnare | 1 | |
5 total
» buildings
| War Mill | 1 | |
| Orc Burrow | 8 | |
| Altar of Storms | 1 | |
| Voodoo Lounge | 3 | |
| Watch Tower | 26 | |
| Stronghold | 1 | |
| Great Hall | 3 | |
| Fortress | 1 | |
| Beastiary | 4 | |
48 total
» build order
00:51 War Mill
00:55 Orc Burrow
00:58 Orc Burrow
01:38 Altar of Storms
01:42 Voodoo Lounge
02:24 Watch Tower
02:36 Watch Tower
02:57 Watch Tower
03:23 Watch Tower
03:58 Watch Tower
04:08 Watch Tower
04:18 Watch Tower
04:51 Stronghold
05:00 Voodoo Lounge
05:08 Orc Burrow
06:48 Great Hall
06:52 Watch Tower
06:53 Watch Tower
06:53 Watch Tower
06:53 Watch Tower
06:54 Watch Tower
06:54 Watch Tower
06:55 Watch Tower
06:55 Watch Tower
06:55 Watch Tower
07:44 Fortress
08:54 Beastiary
09:12 Beastiary
11:11 Orc Burrow
14:00 Orc Burrow
14:00 Orc Burrow
14:01 Orc Burrow
14:05 Orc Burrow
22:20 Watch Tower
22:20 Watch Tower
22:21 Watch Tower
22:38 Voodoo Lounge
23:24 Watch Tower
23:24 Watch Tower
23:25 Watch Tower
23:25 Watch Tower
23:26 Watch Tower
23:26 Watch Tower
24:43 Beastiary
24:45 Beastiary
25:41 Watch Tower
26:12 Great Hall
35:56 Great Hall
» items
| Healing Salve | 1 | |
| Lesser Clarity Potion | 1 | |
| Orb of Lightning | 2 | |
| Scroll of Town Portal | 1 | |
| Scroll of Speed | 2 | |
| Potion of Healing | 2 | |
| Potion of Mana | 1 | |
10 total
SHOGUN-RULER. (
purple | 58 APM | 3179 actions | 54:34)
8 Blademaster
3 Wind Walk
3 Critical Strike
1 Bladestorm
1 Mirror Image
» actions
| Assign group hotkey | 128 | |
| Basic commands | 81 | |
| Build / train | 50 | |
| Enter build submenu | 29 | |
| Enter hero's abilities submenu | 8 | |
| Give item / drop item | 7 | |
| Right click | 1256 | |
| Select / deselect | 253 | |
| Select group hotkey | 1234 | |
| Use ability | 133 | |
3179 total
» units
» upgrades
| Ranged Weapons | 2 | |
| Reinforced Defenses | 1 | |
| Envenomed Spears | 1 | |
| Armor | 2 | |
6 total
» buildings
| Altar of Storms | 1 | |
| Orc Burrow | 8 | |
| Voodoo Lounge | 1 | |
| Stronghold | 1 | |
| War Mill | 1 | |
| Beastiary | 4 | |
| Fortress | 1 | |
| Watch Tower | 38 | |
55 total
» build order
00:13 Altar of Storms
00:23 Orc Burrow
01:32 Voodoo Lounge
02:09 Stronghold
02:32 War Mill
02:38 Orc Burrow
02:39 Orc Burrow
03:40 Orc Burrow
04:46 Beastiary
04:47 Beastiary
05:53 Fortress
07:02 Watch Tower
07:02 Watch Tower
08:39 Beastiary
09:07 Watch Tower
09:08 Watch Tower
09:10 Watch Tower
09:10 Watch Tower
10:17 Watch Tower
10:37 Orc Burrow
12:51 Orc Burrow
13:15 Orc Burrow
13:49 Orc Burrow
14:51 Beastiary
15:47 Watch Tower
15:47 Watch Tower
15:48 Watch Tower
15:49 Watch Tower
15:50 Watch Tower
15:50 Watch Tower
17:08 Watch Tower
17:09 Watch Tower
19:30 Watch Tower
20:52 Watch Tower
20:53 Watch Tower
21:23 Watch Tower
21:23 Watch Tower
21:24 Watch Tower
21:25 Watch Tower
22:09 Watch Tower
22:26 Watch Tower
22:50 Watch Tower
26:44 Watch Tower
26:45 Watch Tower
28:49 Watch Tower
28:49 Watch Tower
35:56 Watch Tower
35:57 Watch Tower
35:58 Watch Tower
35:59 Watch Tower
37:59 Watch Tower
» items
| Boots of Speed | 1 | |
| Staff of Teleportation | 1 | |
| Healing Salve | 3 | |
| Lesser Clarity Potion | 1 | |
| Orb of Lightning | 1 | |
| Potion of Healing | 2 | |
| Potion of Lesser Invulnerability | 2 | |
| Potion of Mana | 1 | |
| Tiny Great Hall | 1 | |
13 total
walmartpimp (
teal | 62 APM | 3154 actions | 50:55)
7 Shadow Hunter
3 Healing Wave
3 Hex
1 Big Bad Voodoo
» actions
| Assign group hotkey | 47 | |
| Basic commands | 63 | |
| Build / train | 66 | |
| ESC pressed | 2 | |
| Enter build submenu | 21 | |
| Enter hero's abilities submenu | 7 | |
| Give item / drop item | 3 | |
| Remove unit from queue | 2 | |
| Right click | 888 | |
| Select / deselect | 275 | |
| Select group hotkey | 1692 | |
| Use ability | 88 | |
3154 total
» units
| Peon | 10 | |
| Grunt | 5 | |
| Troll Witch Doctor | 4 | |
| Shaman | 2 | |
| Tauren | 6 | |
27 total
» upgrades
| Melee Weapons | 3 | |
| Witch Doctor Training | 2 | |
| Armor | 3 | |
| Shaman Training | 2 | |
| Pulverize | 1 | |
11 total
» buildings
| Orc Burrow | 7 | |
| Altar of Storms | 1 | |
| Voodoo Lounge | 1 | |
| Barracks | 1 | |
| War Mill | 1 | |
| Stronghold | 1 | |
| Fortress | 2 | |
| Spirit Lodge | 2 | |
| Watch Tower | 5 | |
| Tauren Totem | 2 | |
23 total
» build order
00:29 Orc Burrow
00:40 Altar of Storms
01:08 Voodoo Lounge
01:49 Barracks
02:08 Orc Burrow
03:49 War Mill
04:26 Stronghold
05:18 Orc Burrow
06:47 Fortress
07:25 Spirit Lodge
07:32 Spirit Lodge
08:42 Watch Tower
08:49 Watch Tower
09:39 Watch Tower
09:43 Watch Tower
11:06 Tauren Totem
11:10 Tauren Totem
12:25 Orc Burrow
12:31 Orc Burrow
17:30 Orc Burrow
17:33 Orc Burrow
18:51 Watch Tower
» items
| Lesser Clarity Potion | 8 | |
| Scroll of Town Portal | 6 | |
| Orb of Lightning | 1 | |
15 total
zyzz (
green | 11 APM | 589 actions | 54:34)
4 Shadow Hunter
2 Hex
2 Healing Wave
» actions
| Basic commands | 1 | |
| Build / train | 51 | |
| Enter build submenu | 20 | |
| Enter hero's abilities submenu | 4 | |
| Remove unit from queue | 1 | |
| Right click | 292 | |
| Select / deselect | 175 | |
| Use ability | 45 | |
589 total
» units
| Peon | 22 | |
| Shaman | 5 | |
| Troll Witch Doctor | 7 | |
| Tauren | 3 | |
37 total
» upgrades
| Shaman Training | 2 | |
| Witch Doctor Training | 2 | |
4 total
» buildings
| Altar of Storms | 1 | |
| Orc Burrow | 9 | |
| Stronghold | 1 | |
| War Mill | 1 | |
| Watch Tower | 2 | |
| Spirit Lodge | 3 | |
| Fortress | 1 | |
| Tauren Totem | 1 | |
19 total
» build order
00:29 Altar of Storms
00:32 Orc Burrow
02:13 Stronghold
02:22 Orc Burrow
02:31 War Mill
04:48 Watch Tower
04:50 Watch Tower
05:04 Spirit Lodge
05:07 Spirit Lodge
05:11 Spirit Lodge
06:53 Fortress
07:00 Orc Burrow
12:15 Orc Burrow
13:58 Orc Burrow
14:00 Orc Burrow
16:10 Orc Burrow
16:12 Orc Burrow
16:33 Tauren Totem
18:43 Orc Burrow
» items
| Healing Salve | 1 | |
| Lesser Clarity Potion | 1 | |
2 total
team 2 (loser)

»
myp3nisisanub (
yellow | 69 APM | 2180 actions | 31:35)
7 Blademaster
3 Wind Walk
3 Critical Strike
1 Bladestorm
6 Shadow Hunter
3 Healing Wave
2 Hex
1 Big Bad Voodoo
» actions
| Build / train | 75 | |
| Enter build submenu | 26 | |
| Enter hero's abilities submenu | 13 | |
| Give item / drop item | 2 | |
| Remove unit from queue | 1 | |
| Right click | 1323 | |
| Select / deselect | 610 | |
| Use ability | 130 | |
2180 total
» units
| Peon | 9 | |
| Grunt | 3 | |
| Raider | 13 | |
| Shaman | 6 | |
| Tauren | 5 | |
| Troll Witch Doctor | 1 | |
37 total
» upgrades
| Armor | 3 | |
| Melee Weapons | 3 | |
| Ensnare | 1 | |
| Shaman Training | 2 | |
| Pillage | 1 | |
| Reinforced Defenses | 1 | |
| Pulverize | 1 | |
12 total
» buildings
| Altar of Storms | 1 | |
| Orc Burrow | 6 | |
| Barracks | 1 | |
| Voodoo Lounge | 1 | |
| War Mill | 1 | |
| Stronghold | 1 | |
| Watch Tower | 7 | |
| Fortress | 1 | |
| Beastiary | 1 | |
| Spirit Lodge | 1 | |
| Tauren Totem | 1 | |
| Great Hall | 5 | |
27 total
» build order
00:11 Altar of Storms
00:14 Orc Burrow
00:40 Barracks
01:32 Voodoo Lounge
02:18 Orc Burrow
02:46 War Mill
03:51 Orc Burrow
04:43 Stronghold
05:34 Watch Tower
06:49 Watch Tower
07:18 Fortress
07:24 Beastiary
07:29 Spirit Lodge
08:20 Watch Tower
08:26 Orc Burrow
09:07 Watch Tower
12:17 Orc Burrow
12:33 Tauren Totem
13:23 Watch Tower
16:21 Orc Burrow
24:38 Great Hall
24:42 Great Hall
26:17 Watch Tower
27:06 Great Hall
27:38 Great Hall
28:12 Great Hall
28:43 Watch Tower
» items
| Circlet of Nobility | 1 | |
| Healing Salve | 5 | |
| Scroll of Town Portal | 1 | |
| Orb of Lightning | 1 | |
8 total
ComradeEnemy (
pink | 121 APM | 6577 actions | 54:34)
9 Blood Mage
3 Flame Strike
3 Siphon Mana
1 Summon Phoenix
2 Banish
» actions
| Assign group hotkey | 145 | |
| Basic commands | 483 | |
| Build / train | 298 | |
| ESC pressed | 23 | |
| Enter build submenu | 86 | |
| Enter hero's abilities submenu | 9 | |
| Give item / drop item | 8 | |
| Remove unit from queue | 2 | |
| Right click | 1600 | |
| Select / deselect | 774 | |
| Select group hotkey | 2921 | |
| Use ability | 227 | |
6577 total
» units
| Peasant | 32 | |
| Footman | 19 | |
| Sorceress | 1 | |
| Flying Machine | 9 | |
| Knight | 3 | |
| Gryphon Rider | 6 | |
| Siege Engine | 2 | |
| Dragonhawk Rider | 2 | |
74 total
» upgrades
| Masonry | 3 | |
| Swords | 4 | |
| Plating | 3 | |
| Sorceress Training | 2 | |
| Magic Sentry | 1 | |
| Gunpowder | 3 | |
| Lumber Harvesting | 2 | |
| Backpack | 2 | |
| Flak Cannons | 1 | |
| Animal War Training | 1 | |
| Flying Machine Bombs | 1 | |
| Cloud | 1 | |
| Storm Hammers | 1 | |
| Armor | 3 | |
| Barrage | 1 | |
| Fragmentation Shards | 1 | |
| Defend | 2 | |
| Long Rifles | 1 | |
| Priest Training | 1 | |
| Control Magic | 1 | |
| Spiked Barricades | 1 | |
| Flare | 1 | |
37 total
» buildings
| Barracks | 1 | |
| Altar of Kings | 1 | |
| Farm | 10 | |
| Scout Tower | 49 | |
| Arcane Tower | 10 | |
| Lumber Mill | 1 | |
| Arcane Vault | 1 | |
| Keep | 3 | |
| Blacksmith | 1 | |
| Guard Tower | 93 | |
| Arcane Sanctum | 1 | |
| Castle | 3 | |
| Workshop | 1 | |
| Town Hall | 6 | |
| Gryphon Aviary | 5 | |
| Cannon Tower | 1 | |
187 total
» build order
00:09 Barracks
00:10 Altar of Kings
00:20 Farm
01:02 Farm
01:41 Farm
02:23 Scout Tower
03:04 Farm
03:05 Arcane Tower
03:53 Lumber Mill
04:06 Arcane Vault
04:39 Keep
04:39 Keep
05:49 Scout Tower
05:51 Blacksmith
06:30 Guard Tower
06:30 Guard Tower
07:40 Farm
08:53 Arcane Sanctum
10:05 Castle
10:06 Castle
10:21 Workshop
13:03 Farm
13:18 Town Hall
13:21 Town Hall
13:25 Town Hall
13:26 Scout Tower
13:30 Scout Tower
13:33 Scout Tower
13:35 Scout Tower
13:54 Guard Tower
13:58 Arcane Tower
13:59 Arcane Tower
14:02 Guard Tower
14:02 Guard Tower
14:02 Guard Tower
14:02 Guard Tower
14:10 Scout Tower
14:17 Scout Tower
14:43 Guard Tower
14:43 Guard Tower
14:43 Guard Tower
14:44 Guard Tower
14:44 Guard Tower
15:19 Scout Tower
15:21 Scout Tower
15:23 Scout Tower
15:25 Scout Tower
15:30 Scout Tower
15:38 Scout Tower
15:46 Guard Tower
15:46 Guard Tower
15:47 Guard Tower
15:47 Guard Tower
15:48 Guard Tower
15:48 Guard Tower
15:49 Guard Tower
15:49 Guard Tower
15:57 Guard Tower
15:58 Guard Tower
15:58 Guard Tower
15:58 Guard Tower
16:01 Guard Tower
16:01 Guard Tower
16:26 Guard Tower
16:27 Guard Tower
16:54 Scout Tower
16:57 Scout Tower
17:24 Scout Tower
17:26 Scout Tower
17:27 Guard Tower
17:27 Guard Tower
17:28 Guard Tower
17:28 Guard Tower
17:56 Guard Tower
21:54 Gryphon Aviary
21:56 Gryphon Aviary
21:59 Gryphon Aviary
22:01 Gryphon Aviary
22:04 Gryphon Aviary
22:47 Farm
22:50 Farm
24:47 Farm
25:17 Scout Tower
25:18 Scout Tower
25:20 Scout Tower
25:21 Scout Tower
25:26 Scout Tower
25:45 Farm
25:51 Guard Tower
25:52 Guard Tower
25:52 Guard Tower
25:54 Guard Tower
25:55 Guard Tower
25:56 Guard Tower
25:56 Guard Tower
25:56 Guard Tower
25:56 Guard Tower
25:57 Guard Tower
34:13 Scout Tower
34:13 Scout Tower
34:14 Scout Tower
34:15 Scout Tower
34:16 Scout Tower
34:19 Scout Tower
35:58 Town Hall
36:05 Scout Tower
36:08 Scout Tower
36:47 Scout Tower
36:48 Scout Tower
36:49 Scout Tower
36:50 Scout Tower
36:54 Scout Tower
36:56 Scout Tower
36:58 Arcane Tower
36:58 Arcane Tower
36:59 Guard Tower
36:59 Guard Tower
37:22 Guard Tower
37:23 Guard Tower
37:24 Guard Tower
37:24 Guard Tower
37:24 Guard Tower
41:29 Scout Tower
41:30 Scout Tower
41:33 Scout Tower
41:34 Scout Tower
41:37 Scout Tower
41:46 Keep
42:21 Guard Tower
42:23 Arcane Tower
42:23 Arcane Tower
42:23 Arcane Tower
42:24 Guard Tower
42:24 Guard Tower
42:24 Guard Tower
42:24 Guard Tower
42:25 Guard Tower
42:55 Town Hall
42:56 Scout Tower
42:57 Scout Tower
43:01 Town Hall
43:03 Scout Tower
43:05 Scout Tower
43:06 Scout Tower
43:10 Scout Tower
43:12 Scout Tower
43:56 Guard Tower
43:56 Guard Tower
43:57 Guard Tower
43:57 Guard Tower
43:57 Guard Tower
43:57 Guard Tower
44:53 Cannon Tower
» items
| Scroll of Regeneration | 9 | |
| Boots of Speed | 1 | |
| Staff of Teleportation | 1 | |
| Potion of Invisibility | 6 | |
| Lesser Clarity Potion | 1 | |
| Staff of Sanctuary | 1 | |
| Scroll of Town Portal | 5 | |
| Potion of Healing | 4 | |
| Orb of Corruption | 1 | |
29 total
IT-DEADLIGHTS (
blue | 61 APM | 1926 actions | 31:38)
6 Goblin Alchemist
3 Acid Bomb
2 Chemical Rage
1 Transmute
2 Paladin
1 Holy Light
1 Divine Shield
» actions
| Assign group hotkey | 77 | |
| Basic commands | 111 | |
| Build / train | 79 | |
| Enter build submenu | 44 | |
| Enter hero's abilities submenu | 8 | |
| Give item / drop item | 1 | |
| Remove unit from queue | 5 | |
| Right click | 706 | |
| Select / deselect | 376 | |
| Select group hotkey | 409 | |
| Use ability | 110 | |
1926 total
» units
| Peasant | 13 | |
| Rifleman | 12 | |
| Priest | 7 | |
32 total
» upgrades
| Masonry | 1 | |
| Gunpowder | 2 | |
| Armor | 2 | |
| Plating | 1 | |
| Long Rifles | 1 | |
| Priest Training | 2 | |
| Magic Sentry | 1 | |
10 total
» buildings
| Altar of Kings | 1 | |
| Barracks | 2 | |
| Blacksmith | 1 | |
| Farm | 9 | |
| Lumber Mill | 1 | |
| Scout Tower | 12 | |
| Guard Tower | 9 | |
| Arcane Tower | 3 | |
| Arcane Vault | 1 | |
| Keep | 1 | |
| Town Hall | 2 | |
| Arcane Sanctum | 3 | |
| Castle | 1 | |
46 total
» build order
00:24 Altar of Kings
00:50 Barracks
00:53 Blacksmith
01:37 Farm
01:50 Farm
02:01 Lumber Mill
02:29 Farm
02:32 Scout Tower
02:47 Scout Tower
03:32 Guard Tower
04:51 Guard Tower
05:02 Scout Tower
05:10 Farm
05:42 Scout Tower
06:08 Barracks
06:16 Farm
06:21 Scout Tower
07:05 Arcane Tower
07:19 Guard Tower
08:34 Arcane Vault
08:41 Guard Tower
09:39 Scout Tower
10:15 Keep
11:18 Arcane Tower
12:15 Scout Tower
13:18 Scout Tower
13:19 Arcane Tower
14:00 Guard Tower
14:07 Town Hall
16:34 Town Hall
17:01 Farm
17:17 Farm
17:47 Farm
17:54 Farm
18:29 Arcane Sanctum
18:32 Arcane Sanctum
19:49 Arcane Sanctum
19:52 Castle
20:08 Scout Tower
20:50 Guard Tower
20:54 Scout Tower
21:28 Guard Tower
21:35 Scout Tower
25:27 Scout Tower
25:56 Guard Tower
25:59 Guard Tower
» items
| Boots of Speed | 1 | |
| Scroll of Healing | 1 | |
| Staff of Teleportation | 1 | |
| Scroll of Regeneration | 2 | |
| Scroll of Town Portal | 2 | |
| Potion of Healing | 1 | |
8 total

»
OrcRinds (
red | 17 APM | 941 actions | 54:34)
5 Crypt Lord
2 Carrion Beetles
2 Impale
1 Locust Swarm
» actions
| Basic commands | 232 | |
| Build / train | 94 | |
| Enter build submenu | 23 | |
| Enter hero's abilities submenu | 9 | |
| Give item / drop item | 2 | |
| Remove unit from queue | 1 | |
| Right click | 39 | |
| Select / deselect | 408 | |
| Use ability | 132 | |
941 total
» units
| Acolyte | 15 | |
| Ghoul | 7 | |
| Crypt Fiend | 15 | |
| Frost Wyrm | 3 | |
| Troll Batrider | 5 | |
| Tauren | 1 | |
| Troll Headhunter/Berserker | 1 | |
| Shaman | 1 | |
| Priest | 1 | |
49 total
» upgrades
| Web | 1 | |
| Creature Carapace | 3 | |
| Creature Attack | 3 | |
| Freezing Breath | 1 | |
8 total
» buildings
| Ziggurat | 10 | |
| Altar of Darkness | 1 | |
| Crypt | 2 | |
| Graveyard | 1 | |
| Nerubian Tower | 3 | |
| Tomb of Relics | 2 | |
| Spirit Tower | 2 | |
| Halls of the Dead | 1 | |
| Black Citadel | 1 | |
| Sacrificial Pit | 1 | |
| Boneyard | 1 | |
| Necropolis | 1 | |
| Great Hall | 1 | |
27 total
» build order
00:28 Ziggurat
00:31 Altar of Darkness
00:39 Crypt
01:01 Graveyard
01:22 Crypt
01:38 Nerubian Tower
02:03 Ziggurat
02:50 Tomb of Relics
03:23 Spirit Tower
04:21 Ziggurat
05:36 Ziggurat
05:37 Nerubian Tower
05:41 Halls of the Dead
06:47 Spirit Tower
06:52 Ziggurat
10:43 Black Citadel
14:45 Nerubian Tower
15:09 Sacrificial Pit
17:33 Boneyard
31:01 Ziggurat
31:04 Tomb of Relics
31:14 Ziggurat
33:24 Necropolis
33:28 Ziggurat
33:30 Ziggurat
34:07 Ziggurat
38:49 Great Hall
» items
| Dust of Appearance | 2 | |
| Rod of Necromancy | 2 | |
| Potion of Lesser Invulnerability | 4 | |
| Scroll of Town Portal | 6 | |
| Potion of Mana | 3 | |
| Potion of Healing | 3 | |
| Orb of Corruption | 1 | |
| Scroll of Speed | 1 | |
| Scroll of Regeneration | 1 | |
23 total
Chat log
(00:44 / Allies) OrcRinds: 100 gold plz
(05:43 / Allies) ComradeEnemy: check expos
(05:48 / Allies) myp3nisisanub: 2 early
(05:58 / Allies) OrcRinds: yelow is right
(07:05 / Allies) myp3nisisanub: hit green
(07:07 / Allies) myp3nisisanub: oj got nuttin
(07:18 / Allies) ComradeEnemy: oj is expoing
(07:35 / Allies) myp3nisisanub: yes and he ain't got units
(07:36 / Allies) myp3nisisanub: so hit green
(08:20 / Allies) OrcRinds: im out
(08:24 / Allies) ComradeEnemy: why?
(13:11 / Allies) myp3nisisanub: we shouldve hit sooner
(14:03 / Allies) ComradeEnemy: try
(14:04 / Allies) ComradeEnemy: ty
(14:14 / Allies) myp3nisisanub: i dun even no wut pink making
(14:23 / Allies) ComradeEnemy: expo then knights and gyros maybe
(14:24 / Allies) ComradeEnemy: or tanks
(14:32 / All) zyzz: now
(16:39 / All) SHOGUN-RULER.: rod is a dumb nigger
(16:40 / All) SHOGUN-RULER.: red i mean
(16:41 / All) SHOGUN-RULER.: lolz
(16:43 / All) ComradeEnemy: lol
(16:55 / All) myp3nisisanub: how you no he black?
(17:14 / All) SHOGUN-RULER.: i fathered a black a bastard
(17:15 / All) SHOGUN-RULER.: i know
(17:20 / All) OrcRinds: purp is a bigot assclown
(18:53 / Allies) OrcRinds: 100 golf?
(19:23 / All) myp3nisisanub: green not 2 brite
(19:33 / All) zyzz: ya cuz u guys keep fucking harrassing me
(19:44 / All) myp3nisisanub: y u cum at me with a hero and like 4 casters?
(19:57 / All) myp3nisisanub: shud stay wid yo boyz
(20:01 / All) zyzz: didnt no u were there retard
(20:51 / All) myp3nisisanub: oh, i'm the retard, heh
(21:26 / All) ComradeEnemy: Isn't orc supposed to be the bm harass race?
(21:43 / All) myp3nisisanub: i belie
(22:16 / Allies) myp3nisisanub: dey gun turtle
(23:31 / Allies) ComradeEnemy: wood please
(23:43 / Allies) ComradeEnemy: making units just need wood bros
(23:49 / Allies) ComradeEnemy: ty
(24:19 / Allies) myp3nisisanub: get sum tanks 4 dey base son
(24:34 / Allies) ComradeEnemy: good idea
(26:55 / All) SHOGUN-RULER.: ya'll going down
(27:03 / All) SHOGUN-RULER.: "like ur mommy goes down on me
(27:14 / All) myp3nisisanub: how do you figur?
(27:26 / All) walmartpimp: you going to fight or what
(27:29 / All) myp3nisisanub: gud job oj
(27:34 / All) myp3nisisanub: at doing nuttin
(27:35 / All) ComradeEnemy: yes but no you because you have nothing
(27:48 / Allies) ComradeEnemy: gogogogo hit purple
(28:00 / All) walmartpimp: gosh dang pussies cmon
(28:13 / Allies) ComradeEnemy: hit wtf
(28:20 / Allies) ComradeEnemy: trying to get them to hit
(28:22 / Allies) myp3nisisanub: i cum in a bit
(28:28 / All) walmartpimp: wow
(28:32 / All) ComradeEnemy: They don't want to hit
(28:34 / All) ComradeEnemy: My allies are noobs
(28:38 / All) ComradeEnemy: I shall report them to Blizzard
(28:40 / All) walmartpimp: we lose
(28:41 / All) ComradeEnemy: For their disobedience
(28:48 / All) walmartpimp: at least lets have some fun
(28:56 / Allies) ComradeEnemy: gogogogogog idiot hit
(29:02 / Allies) myp3nisisanub: go son
(29:05 / Allies) IT-DEADLIGHTS: you fucking faggot move ur tanks
(29:11 / Allies) ComradeEnemy: you go first my tanks are fragile
(29:14 / Allies) ComradeEnemy: have no 3/3
(29:31 / All) ComradeEnemy: Noob allies
(29:36 / All) walmartpimp: LOL
(29:49 / All) ComradeEnemy: big bad voodoo works on me too bro
(30:05 / Allies) myp3nisisanub: i was using dat 4 da towrz
(30:31 / All) IT-DEADLIGHTS: backstabber pink
(30:33 / Allies) myp3nisisanub: dang pink wasting our time
(30:35 / All) ComradeEnemy: You shall receive the win
(30:37 / All) ComradeEnemy: My allies suck
(30:39 / All) ComradeEnemy: They are disobedient
(30:42 / All) walmartpimp: that was weak as fuck
(30:42 / All) ComradeEnemy: And didn't go in when I wished them to
(30:44 / Allies) myp3nisisanub: blue
(30:46 / All) IT-DEADLIGHTS: fuckin faggot pussy pink
(30:57 / Allies) myp3nisisanub: this is kinda boring
(31:32 / All) myp3nisisanub: i guess that's game, no point tryin
(31:37 / All) ComradeEnemy: Yes just leave
(31:40 / All) ComradeEnemy: So walmartpimp can become my ho
(31:43 / All) ComradeEnemy: Finally rhey are obedient
(31:47 / All) ComradeEnemy: I almost regret backstabbing them
(32:12 / Allies) OrcRinds: why tking pink
(32:23 / Allies) OrcRinds: what is yer beef with me?
(32:39 / All) ComradeEnemy: I dislike 156-189 undead players who talk back to me
(32:44 / Allies) OrcRinds: ok
(32:45 / All) ComradeEnemy: You should leave and be like blue and yellow
(32:49 / All) ComradeEnemy: They were obedient and left when I told them to
(32:51 / All) ComradeEnemy: So you should too
(32:54 / Allies) OrcRinds: i didnt talk back i talked
(33:00 / All) ComradeEnemy: yes I talked firsty
(33:03 / All) ComradeEnemy: no talking back okok
(33:06 / All) ComradeEnemy: hush
(33:20 / All) zyzz: hey pink
(33:25 / All) ComradeEnemy: ya?
(33:27 / All) zyzz: fuck
(33:29 / All) zyzz: you
(33:43 / All) ComradeEnemy: Why are you angry bro? You haven't won yet
(35:36 / All) ComradeEnemy: went to my towers by tp lol
(35:37 / All) ComradeEnemy: Bad idea
(36:14 / All) ComradeEnemy: I have flying machines
(36:17 / All) ComradeEnemy: No need for mana to windwalk
(36:49 / All) SHOGUN-RULER.: lol
(36:53 / All) SHOGUN-RULER.: "thats fucked up" oj
(37:00 / All) SHOGUN-RULER.: do u guys still not get it?
(37:15 / All) ComradeEnemy: They are oblivious like all of our victims
(37:18 / All) ComradeEnemy: I'm playing terrible this game
(37:20 / All) ComradeEnemy: still pull it off lol
(37:32 / All) SHOGUN-RULER.: we had it wrapped up when u secured the expo
(37:39 / All) ComradeEnemy: yeah
(37:48 / All) SHOGUN-RULER.: i wouldnt let them expo they tried like 20 times, ur team
(37:55 / All) ComradeEnemy: I noticed a bit
(37:57 / All) ComradeEnemy: good bm harass
(38:01 / All) ComradeEnemy: Should finish your team now though
(38:03 / All) ComradeEnemy: if they have anything
(38:08 / All) ComradeEnemy: Walmartpimp we have played before
(38:12 / All) ComradeEnemy: Maybe he shall put on a show once more
(38:15 / All) ComradeEnemy: And cry and scream to us
(38:25 / All) walmartpimp: no worries
(38:37 / All) SHOGUN-RULER.: wal mart pimp was in the game where we massed 300 food of mountain giants
(38:45 / All) ComradeEnemy: Yeah
(38:47 / All) walmartpimp: i remember that
(38:50 / All) ComradeEnemy: that was one of my favourites
(39:07 / All) walmartpimp: the second one was gay
(39:14 / All) SHOGUN-RULER.: which?
(39:16 / All) ComradeEnemy: the second?
(39:16 / All) walmartpimp: the mountain giants was good
(39:18 / All) SHOGUN-RULER.: i wasnt in that agme i dont think
(39:26 / All) ComradeEnemy: Our third stabber has quit
(39:43 / All) SHOGUN-RULER.: what happened in the 2nd game
(39:45 / All) zyzz: whos wining this
(39:47 / All) ComradeEnemy: Probably will see this anyway as I recorded this live
(39:51 / All) ComradeEnemy: Neither of you
(39:55 / All) ComradeEnemy: Both sides have lost at the start really
(39:57 / All) SHOGUN-RULER.: who wins
(39:59 / All) ComradeEnemy: But you will have equal chances
(40:02 / All) ComradeEnemy: It shall be a Mexican standoff
(41:06 / All) ComradeEnemy: I even had 4 peons on my mine for most of the game and 7 at my expo
(41:08 / All) ComradeEnemy: Still won
(41:11 / All) ComradeEnemy: I don't really know how
(41:20 / All) ComradeEnemy: You three played even worse than I did
(43:20 / All) SHOGUN-RULER.: is red committed?
(44:42 / All) SHOGUN-RULER.: his raiders were attacking my hall
(45:58 / All) ComradeEnemy: Make sure your team gets 0 food all around
(46:19 / All) zyzz: y
(46:26 / All) SHOGUN-RULER.: is it not obvious green
(46:48 / All) SHOGUN-RULER.: he is my black son i fathered. I mentioned him earlier.
(46:57 / All) ComradeEnemy: Nay, you are the redheaded son
(47:04 / All) ComradeEnemy: But still a valiant knight
(48:18 / All) OrcRinds: well I will leave this shit on all night for the win so fuck all you bitches
(48:22 / All) SHOGUN-RULER.: lawl
(48:23 / All) ComradeEnemy: Lawl good
(48:25 / All) SHOGUN-RULER.: that is what we want
(48:27 / All) ComradeEnemy: We will kill everything
(48:30 / All) ComradeEnemy: Including our own stuff
(48:33 / All) OrcRinds: have fun
(48:35 / All) ComradeEnemy: Both of you will have equal chances of winning
(48:37 / All) ComradeEnemy: Both teams
(48:38 / All) SHOGUN-RULER.: listen up green, teal, and red, person with the best internet wins
(48:40 / All) ComradeEnemy: And best internet wins
(48:41 / All) ComradeEnemy: Sound fair?
(48:44 / All) ComradeEnemy: I have faith in you red
(48:47 / All) ComradeEnemy: Do not lie to me now
(48:51 / All) zyzz: how do we findout
(48:57 / All) ComradeEnemy: Findout what?
(49:11 / All) SHOGUN-RULER.: u just have to leave ur game on all night, or al lweek
(49:11 / All) zyzz: alt qq?
(49:16 / All) ComradeEnemy: Yes we shall soon
(49:46 / All) SHOGUN-RULER.: did not expect this outcome, huh green?
(49:56 / All) zyzz: im in college so internet here is good and never fucks up and im going to bed so ill c u guys in the moring
(49:59 / All) ComradeEnemy: This shall be a unique memory for you. For me, it's just another 4v4 RT game
(50:03 / All) SHOGUN-RULER.: good green
(50:04 / All) walmartpimp: no mountain giants
(50:06 / All) ComradeEnemy: See you, good luck my friend
(50:08 / All) SHOGUN-RULER.: we will keep our end of the bargain
(50:31 / All) walmartpimp: make it more interesting next time
(50:35 / All) ComradeEnemy: Now I suicide my army
(50:38 / All) ComradeEnemy: This was a warmup game
(50:42 / All) ComradeEnemy: I played awful ahven't played in months
(50:47 / All) ComradeEnemy: needed warmup from playing real
(50:49 / All) ComradeEnemy: or close to it
(51:03 / All) SHOGUN-RULER.: thought he would leave
(51:05 / All) SHOGUN-RULER.: its red vs green
(51:14 / All) ComradeEnemy: You have towers?
(51:17 / All) ComradeEnemy: or should I lsay them with mine?
(51:19 / All) SHOGUN-RULER.: u keep urs
(51:34 / All) SHOGUN-RULER.: ill scout their bases so green can see u dont have any unit buildings
(51:45 / All) zyzz: how is it me vs red
(51:49 / All) zyzz: its me and purp
(51:52 / All) ComradeEnemy: Our stuff is dying
(51:54 / All) zyzz: vs u n red
(51:55 / All) SHOGUN-RULER.: he said he is gonna keep his computer on all night
(51:56 / All) ComradeEnemy: He is on my secret team fool
(51:58 / All) SHOGUN-RULER.: so are u green
(52:10 / All) zyzz: ya but its me vs pink
(52:13 / All) SHOGUN-RULER.: i don tthink green realizes yet we're doing
(52:24 / All) ComradeEnemy: Nay, he is clueless
(52:25 / All) SHOGUN-RULER.: ill put it in kindergarden terms green
(52:31 / All) SHOGUN-RULER.: me and pink are FRIENDS.
(52:34 / All) ComradeEnemy: I am 0 food now and so is the rest of my team
(52:45 / All) SHOGUN-RULER.: we're killing all units and leaving the game in 30 sec
(52:50 / All) zyzz: okay
(52:58 / All) ComradeEnemy: You have a 50/50 chance of winning
(53:03 / All) ComradeEnemy: And must leave your computer on all night
(53:04 / All) zyzz: lol
(53:07 / All) SHOGUN-RULER.: so keep ur computer on man, red said he would too. show us you're a champion
(53:11 / All) ComradeEnemy: I hope this is a good, long standoff and you rough it out for days
(53:16 / All) zyzz: lolol
(53:18 / All) ComradeEnemy: Get your hard-earned win
(53:20 / All) zyzz: cant wait
(53:23 / All) ComradeEnemy: You can go 64-78
(53:26 / All) ComradeEnemy: One day you can get an icon
(53:28 / All) ComradeEnemy: and join a clan!
(53:45 / All) SHOGUN-RULER.: i think i killed everything
(53:50 / All) ComradeEnemy: 0 food all around?
(54:11 / All) ComradeEnemy: LET IT BEGIN, LET IT BEGIN!
(54:14 / All) ComradeEnemy: GOOD LUCK EVERYONE!
(54:20 / All) SHOGUN-RULER.: farewell green and red
(54:27 / All) ComradeEnemy: HTTP://WWW.YOUTUBE.COM/USER/COMRADEENEMYLUCULLUS
(54:28 / All) SHOGUN-RULER.: we will whisper u if ur still in this game tomorrow morning
(54:31 / All) SHOGUN-RULER.: or afternoon